 Dungeon Crawl Stone Soup version 0.17-a0-1946-gfb768fe (webtiles) character file.

30 HungrySpirit the Charmwright (level 3, 0/27 HPs)
             Began as a Vampire Skald on Oct 1, 2015.
             Slain by an adder (3 damage)
             ... on level 2 of the Dungeon.
             The game lasted 00:01:50 (734 turns).

HungrySpirit the Charmwright (Vampire Skald)         Turns: 734, Time: 00:01:51

Health: 0/27       AC:  3    Str: 11    XL:     3   Next: 5%
Magic:  4/6        EV: 11    Int: 14    God:
Gold:   52         SH:  0    Dex: 14    Spells: 1 memorised, 5 levels left

rFire  . . .     SeeInvis +     a - +0 falchion
rCold  . . .     Clarity  .     b - +0 leather armour
rNeg   . . .     SustAt   .     (no shield)
rPois  .         Gourm    .     (no helmet)
rElec  .         Spirit   .     (no cloak)
rCorr  .         Warding  .     (no gloves)
rMut   .         Stasis   .     (no boots)
MR     .....                    (no amulet)
Stlth  +.........               (no ring)
                                g - ring of flight

@: lethally poisoned (0 -> -5), infused, regenerating quickly, not resistant to
hostile enchantments, very unstealthy
A: fangs 3, see invisible, unbreathing
a: Evoke Flight


You were on level 2 of the Dungeon.
You were very full.

You visited 1 branch of the dungeon, and saw 2 of its levels.

You collected 52 gold pieces.

Inventory:

Hand weapons
 a - a +0 falchion (weapon)
Armour
 b - a +0 leather armour (worn)
Jewellery
 g - a ring of flight (left hand)
Scrolls
 h - a scroll of recharging {unknown}
Potions
 d - a potion of blood
 e - a potion of degeneration {unknown}
 f - a potion of curing {unknown}
Books
 c - a book of Battle

   Spells                             Type                      Level
   a - Infusion                       Charms                       1
   b - Shroud of Golubria             Charms/Translocation         2
   c - Song of Slaying                Charms                       2
   d - Spectral Weapon                Hexes/Charms                 3
   e - Regeneration                   Charms/Necromancy            3


   Skills:
 - Level 1.7 Fighting
 * Level 2.8 Long Blades
 - Level 0.7 Armour
 - Level 1.1 Dodging
 + Level 2.4 Spellcasting
 + Level 3.5 Charms


You had 5 spell levels left.
You knew the following spells:

 Your Spells              Type           Power        Failure   Level  Hunger
a - Infusion              Chrm           ##....       10%         1    #......


Dungeon Overview and Level Annotations

Branches:
Dungeon (2/15)

Altars:
Cheibriados


Innate Abilities, Weirdness & Mutations

Your natural rate of healing is unusually fast.
You have razor-sharp teeth.
You have supernaturally acute eyesight.
You can survive without breathing.


Message History

Okay, then.
Casting: Infusion
Confirm with . or Enter, or press ? or * to list all spells.
You begin infusing your attacks with magical energy.
* * * LOW HITPOINT WARNING * * *
You feel sick. The adder bites you but does no damage.
Unknown command.
You hit the adder!
The adder is severely wounded.
* * * LOW HITPOINT WARNING * * *
You feel sick. The adder barely misses you. The adder closely misses you.
You miss the adder.
The adder is severely wounded.
* * * LOW HITPOINT WARNING * * *
You feel sick. The adder barely misses you.
You barely miss the adder.
The adder is severely wounded.
* * * LOW HITPOINT WARNING * * *
You feel sick. The adder bites you.
You die...

♣ ## ..#.# #... ..#.#
♣.♣. #.#.# #### ...
#...# #... ♣S##
##.#.# #.._ #.##@##
##..#.# ##...
♣.....###...#.###..#.
#....................
####.##.##.##.#######
#....##.##.#
####.##.##.#
#.##.##.#
#.##.##.#######
..##.#...<.....


You could see an adder.

Vanquished Creatures
  An ooze (D:1)
  2 giant geckos
  A giant cockroach (D:1)
  2 hobgoblins (D:1)
  2 kobolds (D:1)
  5 bats (D:1)
  2 giant newts (D:1)
  5 goblins
  4 rats (D:1)
24 creatures vanquished.

Notes
Turn   | Place    | Note
--------------------------------------------------------------
     0 | D:1      | HungrySpirit the Vampire Skald began the quest for the Orb.
     0 | D:1      | Reached XP level 1. HP: 16/16 MP: 3/3
   122 | D:1      | Reached XP level 2. HP: 9/22 MP: 5/5
   692 | D:2      | Found a snail-covered altar of Cheibriados.
   697 | D:2      | Reached XP level 3. HP: 27/27 MP: 6/6
   734 | D:2      | Slain by an adder

Vault maps used:
D:1:      dpeg_arrival_brainrot
D:2:      serial_forest, infiniplex_forest_clump_curved,
          infiniplex_forest_clump_medium, infiniplex_forest_zigzag_1,
          infiniplex_forest_split, infiniplex_forest_corner_1,
          infiniplex_forest_lined_4_way, infiniplex_forest_diagonal,
          infiniplex_forest_corner_1, infiniplex_forest_end_2,
          infiniplex_forest_straight_2, hangedman_decor_opposing,
          cheibriados_altar_1

Action                   || total
-------------------------++-------
Melee: Falchion          ||    77
 Cast: Infusion          ||     1
 Stab: Sleeping          ||     1
  Eat: Corpse            ||    10
